AoeStats
← 悠律

Black Forest

509132465Analyzed
4v4 RM · 7d ago on Sep 25, 2026· 42m 53s· 8 players
Game mode
Random Map
Map size
Large (8 player)
Population
200
Speed
Normal
Resources
Standard
Victory
Conquest
Starting age
Dark Age
Ending age
Imperial Age
RankedLock teamsTeams togetherTeam positionsShared explorationLock speedFull tech treeHidden civsTurbo modeCheats
Victory
Defeat
🇨🇳 Mapuche · China
1855
+10
🇨🇳 Dravidians · China
1798
+12
1710
+16
🇨🇳 Danes · China
1552
+23
🇧🇬 Koreans · Bulgaria
1816
-20
🇨🇳 Danes · China
1814
-19
🇨🇳 Teutons · China
1613
-11
🇦🇷 Turks · Argentina
1606
-11
RTMaxwell
10:59 Feudal Age
14:41 Castle Age
12:57 Double-Bit Axe
13:12 Horse Collar
14:03 Loom
23:10 Town Watch
23:58 Forging
25:21 Bow Saw
26:11 Fervor
27:28 Wheelbarrow
27:23 Heavy Plow
29:30 Hand Cart
33:20 Imperial Age
30:53 Fletching
31:51 Bodkin Arrow
32:22 Gold Mining
32:56 Padded Archer Armor
33:41 Ballistics
33:53 Malon
35:16 Chemistry
35:02 Conscription
35:11 Butalmapu
35:45 Elite Bolas Rider
37:29 Leather Archer Armor
39:17 Ring Archer Armor
39:24 Gold Shaft Mining
40:07 Caravan
40:01 Arson
41:13 Iron Casting
41:26 Coinage
悠律
5:27 Loom
8:59 Feudal Age
9:10 Man-at-Arms
9:59 Arson
14:57 Arson
17:54 Double-Bit Axe
19:36 Horse Collar
19:48 Fletching
23:16 Castle Age
21:54 Padded Archer Armor
23:30 Crossbowman
24:08 Bodkin Arrow
24:27 Bow Saw
24:54 Gold Mining
25:51 Town Watch
28:37 Siphons
28:28 Murder Holes
29:11 Wheelbarrow
31:28 Ballistics
31:17 Siphons
34:53 Imperial Age
32:30 Heavy Plow
36:10 Imperial Age
34:23 Leather Archer Armor
34:22 Thumb Ring
34:43 Stone Mining
34:58 Caravan
36:50 Hand Cart
37:59 Chemistry
37:46 Bracer
39:00 Scale Mail Armor
39:10 Forging
39:27 Squires
40:48 Two-Man Saw
40:55 Chain Mail Armor
41:15 Iron Casting
41:51 Ring Archer Armor
41:42 Conscription
41:28 Medical Corps
41:34 Elite Urumi Swordsman
43:20 Plate Mail Armor
犹大sama
12:52 Feudal Age
16:52 Castle Age
14:48 Double-Bit Axe
15:19 Horse Collar
18:03 Bow Saw
20:16 Wheelbarrow
23:04 Hand Cart
24:44 Gold Mining
24:55 Stone Mining
25:37 Fervor
26:27 Gold Shaft Mining
29:14 Imperial Age
27:44 Stone Shaft Mining
27:16 Loom
27:17 Town Watch
27:37 Scale Mail Armor
28:24 Forging
28:36 Chain Mail Armor
29:15 Onager
29:17 Pikeman
29:58 Squires
30:35 Iron Casting
30:56 Plate Mail Armor
31:59 Heavy Plow
31:52 Siege Onager
32:40 Halberdier
34:50 Blast Furnace
34:07 Northmen's Fury
34:55 Siege Engineers
36:22 Man-at-Arms
36:48 Gambesons
37:11 Arson
37:32 Caravan
37:05 Long Swordsman
37:55 Two-Handed Swordsman
39:31 Conscription
38:32 Hamask
39:03 Champion
43:03 Fletching
鹿乃子乃子虎视眈眈
0:47 Loom
10:14 Feudal Age
18:19 Castle Age
16:49 Fletching
17:04 Double-Bit Axe
18:20 Elite Skirmisher
21:26 Horse Collar
26:03 Bow Saw
26:40 Wheelbarrow
32:43 Imperial Age
30:19 Bodkin Arrow
31:19 Padded Archer Armor
32:22 Leather Archer Armor
33:28 Bracer
34:36 Chemistry
35:49 Ballistics
37:05 Ring Archer Armor
39:57 Heavy Plow
42:39 Siege Engineers
42:44 Masonry
43:36 Hand Cart
Zni.Locuss
4:57 Loom
11:10 Feudal Age
13:20 Double-Bit Axe
15:36 Castle Age
13:54 Horse Collar
14:10 Fletching
17:09 Bodkin Arrow
24:04 Ballistics
30:58 Imperial Age
29:13 Horse Collar
30:20 Gold Mining
31:42 Bracer
35:14 Chemistry
回忆里太多好
5:13 Loom
10:11 Feudal Age
14:08 Castle Age
12:22 Double-Bit Axe
23:18 Wheelbarrow
22:27 Horse Collar
24:23 Gold Mining
25:31 Hand Cart
29:56 Imperial Age
28:34 Gold Shaft Mining
27:49 Stone Mining
30:30 Town Watch
30:45 Scale Mail Armor
30:56 Forging
30:48 Heavy Plow
31:34 Padded Archer Armor
31:41 Scale Barding Armor
32:15 Conscription
32:25 Chain Mail Armor
32:58 Stone Shaft Mining
32:36 Squires
32:11 Elite Varangian Guard
32:41 Onager
33:31 Siege Engineers
34:26 Chemistry
34:09 Plate Mail Armor
34:15 Iron Casting
34:10 Plate Mail Armor
34:15 Iron Casting
34:28 Siege Onager
36:38 Blast Furnace
37:04 Hamask
39:09 Arson
40:00 Man-at-Arms
40:25 Gambesons
42:12 Northmen's Fury
43:12 Fletching
Nos'
0:25 Loom
12:17 Feudal Age
24:33 Castle Age
22:48 Double-Bit Axe
23:00 Horse Collar
25:24 Bow Saw
25:15 Heavy Plow
28:48 Wheelbarrow
33:17 Imperial Age
34:09 Imperial Age
帅气的俊哥
0:40 Loom
11:25 Feudal Age
11:40 Man-at-Arms
13:10 Double-Bit Axe
16:41 Horse Collar
28:20 Castle Age
26:51 Gold Mining
31:33 Heavy Plow
32:05 Bow Saw
34:35 Wheelbarrow
35:15 Scale Mail Armor
35:25 Forging
35:15 Scale Mail Armor
35:26 Forging
35:29 Arson
35:44 Squires
35:05 Pikeman
36:26 Chain Mail Armor
42:26 Imperial Age
40:43 Guard Tower
40:45 Fletching
41:33 Bodkin Arrow
42:53 Fortified Wall
42:53 Masonry
Connection lost

Rejoining the realm…

Still unreachable

The connection could not be restored.

Session expired

The server has moved on; the page needs a fresh start.